Map: Para Site LE

Players

ClumzyFish - Winner!

  • Race: Terran Terran
  • League: Platinum
  • Spawn Location: 5:00

Michael

  • Race: Terran Terran
  • League: Platinum
  • Spawn Location: 11:00

VOD

Have the link to the VOD?

Description

Time

  • Played on: Oct. 13, 2018, 1:58 a.m.
  • Length: 8:13
Show
View Real Time Build Order
Export as new Build Order

ClumzyFish Terran - Winner!

Build Orders: Reaper Expand, MMM Bio 

Get SALT Encoding   

  12  0:01  SCV  
  13  0:17  Supply Depot  
  13  0:18  SCV  
  14  0:30  Refinery  
  14  0:31  SCV  
  15  0:41  Barracks  
  15  0:46  SCV  
  16  1:00  SCV  
  17  1:25  Command Center  
  17  1:31  Reaper  
  18  1:34  SCV  
  19  1:46  SCV  
  20  1:52  Factory  
  20  1:58  SCV  
  21  2:03  Barracks Tech Lab  
  21  2:14  Orbital Command  
  21  2:23  Marauder  
  23  2:42  Factory Reactor  
  23  2:45  SCV  
  23  2:46  Barracks  
  23  2:47  Orbital Command  
  23  2:50  Marine  
  25  3:12  Marauder  
  26  3:20  Barracks  
  26  3:23  Refinery  
  26  3:29  Stimpack, SCV  
  26  3:31  SCV  
  28  3:40  Marine  
  29  3:41  SCV  
  29  3:43  SCV  
  29  3:47  Marine x2  
  33  3:54  SCV  
  33  3:55  Factory Reactor  
  34  4:03  SCV  
  34  4:05  Marauder  
  34  4:06  SCV  
  38  4:14  Supply Depot  
  38  4:15  Supply Depot  
  38  4:20  Engineering Bay  
  38  4:22  Engineering Bay  
  38  4:24  Starport  
  38  4:35  SCV x2, Marauder, Marine x2  
  44  4:41  Factory Reactor, Marine x2  
  46  4:46  Refinery  
  46  4:47  SCV x2  
  48  4:53  Supply Depot  
  48  4:57  Marauder, Marine  
  48  4:59  SCV x2  
  53  5:04  Marine  
  54  5:14  Refinery  
  54  5:15  SCV, Marine  
  54  5:17  Supply Depot  
  56  5:27  SCV  
  57  5:29  Concussive Shells  
  57  5:31  Medivac  
  57  5:32  Factory Tech Lab  
  59  5:36  Medivac  
  59  5:39  SCV  
  59  5:40  Marauder, Marine x2  
  59  5:41  Marine x2  
  68  5:48  Supply Depot  
  68  5:51  SCV, Terran Infantry Weapons Level 1  
  69  5:58  Marine  
  70  6:10  SCV, Supply Depot x2  
  71  6:12  Marauder, Marine x3  
  76  6:21  Medivac  
  78  6:30  Siege Tank, Medivac  
  78  6:31  Supply Depot  
  83  6:42  Combat Shields  
  83  6:45  Marauder, Marine x3  
  83  6:46  Marine  
  89  6:51  Viking  
  91  6:58  SCV  
  92  7:03  Marine x2  
  92  7:06  Marauder  
  96  7:10  Factory, SCV  
  96  7:12  Siege Tank  
  100  7:23  SCV  
  96  7:50  Marauder  
Show
View Real Time Build Order
Export as new Build Order

Michael Terran 

Build Orders: Reaper Expand, MMM Bio 

Get SALT Encoding   

  12  0:01  SCV  
  13  0:14  SCV  
  14  0:17  Supply Depot  
  14  0:26  SCV  
  15  0:39  SCV  
  15  0:40  Barracks  
  16  0:48  Refinery  
  16  0:51  SCV  
  17  1:03  SCV  
  18  1:29  Supply Depot  
  18  1:31  Reaper  
  19  1:35  Orbital Command  
  19  1:54  Command Center  
  19  2:03  Marine  
  19  2:06  Barracks  
  19  2:08  SCV  
  21  2:20  SCV  
  22  2:31  Barracks Tech Lab  
  22  2:32  SCV  
  23  2:41  Factory  
  22  2:54  Marine  
  22  3:07  SCV  
  22  3:12  Marine  
  23  3:19  SCV  
  24  3:25  Combat Shields  
  24  3:28  Barracks Reactor  
  24  3:30  Marine  
  24  3:32  Factory Tech Lab  
  25  3:37  Barracks  
  25  3:38  SCV  
  26  3:47  Marine  
  27  3:51  Engineering Bay, SCV  
  28  4:00  Refinery  
  28  4:03  SCV  
  28  4:05  SCV  
  30  4:15  SCV  
  31  4:17  Engineering Bay, SCV  
  32  4:27  SCV  
  32  4:29  SCV  
  32  4:30  Terran Infantry Weapons Level 1  
  34  4:39  SCV  
  34  4:44  Orbital Command  
  34  4:45  Stimpack  
  35  4:47  Refinery  
  35  4:49  Marauder, Marine  
  35  4:50  Marine  
  35  4:51  SCV  
  40  5:02  Siege Tank  
  40  5:03  SCV  
  44  5:07  Marine x2  
  46  5:23  Supply Depot  
  46  5:28  Barracks Reactor  
  46  5:29  Supply Depot  
  46  5:43  Terran Infantry Armor Level 1  
  46  5:44  SCV, Marine x2  
  46  5:45  SCV, Marauder  
  46  5:47  Starport  
  52  5:57  SCV x2  
  54  6:09  SCV x2, Marine x4  
  60  6:21  SCV x2  
  62  6:35  Armory  
  62  6:41  Refinery  
  62  6:45  Command Center  
  62  6:56  Supply Depot  
  62  6:58  Supply Depot  
  62  7:01  Supply Depot  
  62  7:05  Supply Depot  
  62  7:08  Starport Reactor  
  62  7:15  Concussive Shells  
  62  7:17  Marine x4  
  62  7:18  SCV x2, Marauder  
  62  7:20  Siege Tank, Supply Depot  
  73  7:22  Supply Depot  
  73  7:35  Marine x4  
  68  7:39  Marauder  
  46  7:53  Marine x4  
Tags
 
Add a new tag
Caveats
  • Supply blocks, unpowered buildings, or Contaminate may cause inaccurate times.
  • Supply counts are checked every 10 seconds.